General information
- name: BNet
- type: Ladder team game (AT/RT)
- host: Battle.net
- saver: huge_pig
map: Highperch
- players: 6
- length: 104:09
- speed: Fast
- version: 1.27 W3XP
- replay type:

» download(662 KB)
Players
team 1 (loser)
aT_om (
red | 43 APM | 4229 actions | 99:07)
4 Lich
2 Frost Nova
2 Dark Ritual
3 Death Knight
2 Death Coil
1 Unholy Aura
2 Crypt Lord
1 Impale
1 Spiked Carapace
» actions
| Assign group hotkey | 53 | |
| Basic commands | 55 | |
| Build / train | 113 | |
| ESC pressed | 2 | |
| Enter build submenu | 32 | |
| Enter hero's abilities submenu | 9 | |
| Remove unit from queue | 3 | |
| Right click | 2094 | |
| Select / deselect | 835 | |
| Select group hotkey | 740 | |
| Use ability | 293 | |
4229 total
» units
| Acolyte | 8 | |
| Ghoul | 4 | |
| Crypt Fiend | 11 | |
| Obsidian Statue | 5 | |
| Frost Wyrm | 12 | |
| Gargoyle | 11 | |
51 total
» upgrades
| Creature Attack | 3 | |
| Creature Carapace | 3 | |
| Burrow | 1 | |
| Web | 1 | |
| Freezing Breath | 1 | |
| Destroyer Form | 1 | |
10 total
» buildings
| Crypt | 1 | |
| Graveyard | 1 | |
| Ziggurat | 16 | |
| Altar of Darkness | 1 | |
| Tomb of Relics | 1 | |
| Halls of the Dead | 3 | |
| Black Citadel | 4 | |
| Slaughterhouse | 1 | |
| Nerubian Tower | 1 | |
| Spirit Tower | 4 | |
| Sacrificial Pit | 1 | |
| Boneyard | 2 | |
36 total
» build order
00:07 Crypt
00:09 Graveyard
00:41 Ziggurat
01:04 Altar of Darkness
01:53 Tomb of Relics
02:17 Ziggurat
03:23 Ziggurat
04:42 Halls of the Dead
04:42 Halls of the Dead
04:43 Halls of the Dead
06:50 Ziggurat
07:20 Black Citadel
09:19 Black Citadel
09:19 Black Citadel
09:42 Ziggurat
10:13 Ziggurat
10:14 Ziggurat
10:15 Ziggurat
11:12 Slaughterhouse
11:14 Nerubian Tower
11:15 Spirit Tower
11:16 Spirit Tower
11:16 Spirit Tower
11:16 Spirit Tower
11:38 Ziggurat
12:07 Sacrificial Pit
13:24 Boneyard
13:50 Boneyard
33:18 Ziggurat
33:19 Ziggurat
33:20 Ziggurat
37:55 Ziggurat
37:56 Ziggurat
93:12 Ziggurat
93:15 Ziggurat
» items
| Rod of Necromancy | 2 | |
| Dust of Appearance | 1 | |
| Scroll of Protection | 3 | |
| Scroll of Town Portal | 1 | |
7 total
Sonicvibe (
pink | 100 APM | 8808 actions | 88:01)
4 Death Knight
2 Death Coil
2 Unholy Aura
4 Pit Lord
2 Rain of Fire
2 Cleaving Attack
1 Beastmaster
1 Summon Hawk
» actions
| Assign group hotkey | 174 | |
| Basic commands | 340 | |
| Build / train | 84 | |
| ESC pressed | 1 | |
| Enter build submenu | 34 | |
| Enter hero's abilities submenu | 9 | |
| Give item / drop item | 1 | |
| Right click | 4069 | |
| Select / deselect | 983 | |
| Select group hotkey | 2822 | |
| Use ability | 291 | |
8808 total
» units
| Acolyte | 20 | |
| Ghoul | 6 | |
| Crypt Fiend | 6 | |
| Frost Wyrm | 3 | |
| Meatwagon | 4 | |
39 total
» upgrades
| Creature Attack | 3 | |
| Web | 1 | |
| Ghoul Frenzy | 1 | |
| Creature Carapace | 3 | |
| Freezing Breath | 1 | |
| Destroyer Form | 1 | |
| Exhume Corpses | 1 | |
| Disease Cloud | 1 | |
| Unholy Strength | 3 | |
| Burrow | 1 | |
16 total
» buildings
| Graveyard | 1 | |
| Crypt | 4 | |
| Altar of Darkness | 1 | |
| Ziggurat | 12 | |
| Tomb of Relics | 1 | |
| Nerubian Tower | 3 | |
| Halls of the Dead | 2 | |
| Spirit Tower | 6 | |
| Necropolis | 2 | |
| Black Citadel | 2 | |
| Sacrificial Pit | 1 | |
| Boneyard | 3 | |
| Slaughterhouse | 3 | |
41 total
» build order
00:19 Graveyard
00:21 Crypt
00:40 Altar of Darkness
00:48 Ziggurat
01:08 Ziggurat
01:32 Tomb of Relics
02:03 Nerubian Tower
02:04 Nerubian Tower
03:33 Halls of the Dead
03:47 Ziggurat
05:45 Ziggurat
05:57 Ziggurat
06:07 Ziggurat
06:49 Nerubian Tower
07:03 Spirit Tower
07:39 Spirit Tower
08:00 Necropolis
08:06 Black Citadel
08:06 Black Citadel
08:25 Spirit Tower
08:33 Crypt
08:48 Necropolis
08:55 Spirit Tower
08:58 Sacrificial Pit
09:23 Ziggurat
11:05 Boneyard
11:07 Boneyard
11:12 Spirit Tower
11:56 Boneyard
12:17 Slaughterhouse
12:21 Slaughterhouse
12:22 Slaughterhouse
15:46 Crypt
15:47 Crypt
27:12 Ziggurat
27:13 Ziggurat
27:15 Ziggurat
27:18 Ziggurat
27:19 Ziggurat
28:15 Spirit Tower
» items
| Rod of Necromancy | 2 | |
| Dust of Appearance | 1 | |
| Sacrificial Skull | 1 | |
4 total
With_smile (
green | 63 APM | 6561 actions | 104:08)
3 Priestess of the Moon
1 Searing Arrows
2 Trueshot Aura
3 Keeper of the Grove
2 Entangling Roots
1 Thorns Aura
» actions
| Assign group hotkey | 54 | |
| Basic commands | 967 | |
| Build / train | 75 | |
| ESC pressed | 1 | |
| Enter build submenu | 32 | |
| Enter hero's abilities submenu | 6 | |
| Remove unit from queue | 1 | |
| Right click | 1506 | |
| Select / deselect | 1565 | |
| Select group hotkey | 2231 | |
| Use ability | 123 | |
6561 total
» units
| Wisp | 24 | |
| Huntress | 8 | |
| Glaive Thrower | 8 | |
| Dryad | 5 | |
| Chimaera | 8 | |
53 total
» upgrades
| Strength of the Moon | 1 | |
| Strength of the Wild | 1 | |
| Abolish Magic | 1 | |
| Corrosive Breath | 1 | |
| Nature's Blessing | 1 | |
5 total
» buildings
| Altar of Elders | 1 | |
| Moon Well | 8 | |
| Hunter's Hall | 1 | |
| Ancient of War | 2 | |
| Tree of Ages | 1 | |
| Ancient of Wonders | 1 | |
| Tree of Eternity | 1 | |
| Ancient of Lore | 2 | |
| Ancient of Wind | 1 | |
| Chimaera Roost | 4 | |
| Altar of Darkness | 1 | |
| Spirit Tower | 1 | |
24 total
» build order
00:06 Altar of Elders
00:09 Moon Well
01:26 Hunter's Hall
02:14 Ancient of War
02:16 Moon Well
02:20 Moon Well
02:25 Ancient of War
03:06 Moon Well
03:49 Moon Well
16:14 Tree of Ages
16:26 Ancient of Wonders
17:38 Moon Well
19:31 Tree of Eternity
19:34 Ancient of Lore
19:36 Ancient of Lore
36:05 Ancient of Wind
37:15 Chimaera Roost
37:16 Chimaera Roost
37:17 Chimaera Roost
37:19 Chimaera Roost
38:37 Moon Well
38:39 Moon Well
91:15 Altar of Darkness
94:56 Spirit Tower
» items
| Dust of Appearance | 2 | |
| Scroll of Protection | 1 | |
3 total
team 2 (winner)
Happy4thOfJuly (
orange | 66 APM | 6892 actions | 104:08)
8 Blademaster
3 Wind Walk
3 Critical Strike
1 Bladestorm
1 Mirror Image
» actions
| Assign group hotkey | 21 | |
| Basic commands | 22 | |
| Build / train | 79 | |
| ESC pressed | 3 | |
| Enter build submenu | 66 | |
| Enter hero's abilities submenu | 8 | |
| Give item / drop item | 17 | |
| Right click | 4740 | |
| Select / deselect | 504 | |
| Select group hotkey | 1086 | |
| Use ability | 346 | |
6892 total
» units
| Peon | 13 | |
| Troll Batrider | 19 | |
| Kodo Beast | 1 | |
| Shaman | 1 | |
| Troll Witch Doctor | 1 | |
| Spirit Walker | 1 | |
36 total
» upgrades
| Ranged Weapons | 2 | |
| Reinforced Defenses | 1 | |
| Witch Doctor Training | 2 | |
| Shaman Training | 2 | |
| Spirit Walker Training | 2 | |
| Troll Regeneration | 1 | |
| Liquid Fire | 1 | |
| Ensnare | 1 | |
| War Drums Damage Increase | 1 | |
13 total
» buildings
| Altar of Storms | 2 | |
| Orc Burrow | 7 | |
| War Mill | 2 | |
| Voodoo Lounge | 2 | |
| Watch Tower | 37 | |
| Stronghold | 1 | |
| Fortress | 1 | |
| Beastiary | 3 | |
| Spirit Lodge | 1 | |
| Barracks | 1 | |
57 total
» build order
00:04 Altar of Storms
00:09 Orc Burrow
00:26 War Mill
01:24 Voodoo Lounge
01:30 Voodoo Lounge
03:06 Watch Tower
03:08 Stronghold
03:10 Orc Burrow
03:29 Watch Tower
04:16 Watch Tower
04:37 Watch Tower
05:19 Watch Tower
05:37 Fortress
05:39 Beastiary
05:53 Watch Tower
07:21 Watch Tower
07:23 Watch Tower
07:27 Beastiary
08:29 Watch Tower
08:30 Watch Tower
09:03 Orc Burrow
09:42 Watch Tower
09:42 Watch Tower
10:24 Watch Tower
10:25 Watch Tower
11:18 Spirit Lodge
12:18 Watch Tower
12:20 Watch Tower
13:21 Watch Tower
13:22 Watch Tower
13:28 Barracks
14:34 Watch Tower
14:43 Orc Burrow
15:32 Watch Tower
15:33 Watch Tower
15:52 Watch Tower
17:14 Watch Tower
18:04 Watch Tower
18:23 Watch Tower
20:50 Watch Tower
26:14 Beastiary
26:43 Orc Burrow
27:16 Altar of Storms
27:45 War Mill
29:21 Watch Tower
29:31 Watch Tower
29:41 Watch Tower
30:30 Watch Tower
30:38 Watch Tower
31:48 Watch Tower
31:59 Watch Tower
32:05 Watch Tower
32:56 Watch Tower
33:18 Watch Tower
33:19 Watch Tower
54:48 Orc Burrow
54:49 Orc Burrow
» items
| Staff of Teleportation | 5 | |
| Boots of Speed | 1 | |
| Healing Salve | 2 | |
| Lesser Clarity Potion | 5 | |
| Scroll of Speed | 1 | |
| Circlet of Nobility | 1 | |
| Scroll of Town Portal | 1 | |
16 total
huge_pig (
teal | 99 APM | 10281 actions | 104:09)
6 Mountain King
3 Storm Bolt
2 Bash
1 Avatar
4 Paladin
2 Holy Light
2 Divine Shield
3 Blood Mage
1 Banish
2 Siphon Mana
» actions
| Assign group hotkey | 423 | |
| Basic commands | 70 | |
| Build / train | 149 | |
| Enter build submenu | 122 | |
| Enter hero's abilities submenu | 14 | |
| Give item / drop item | 10 | |
| Remove unit from queue | 20 | |
| Right click | 5128 | |
| Select / deselect | 993 | |
| Select group hotkey | 2892 | |
| Use ability | 459 | |
10281 total
» units
| Peasant | 16 | |
| Dragonhawk Rider | 2 | |
| Sorceress | 1 | |
| Priest | 1 | |
20 total
» upgrades
| Masonry | 3 | |
| Lumber Harvesting | 2 | |
| Magic Sentry | 1 | |
| Animal War Training | 1 | |
| Swords | 2 | |
| Armor | 1 | |
| Sorceress Training | 2 | |
| Priest Training | 1 | |
13 total
» buildings
| Altar of Kings | 2 | |
| Farm | 9 | |
| Lumber Mill | 2 | |
| Scout Tower | 109 | |
| Arcane Tower | 13 | |
| Guard Tower | 45 | |
| Arcane Vault | 2 | |
| Keep | 1 | |
| Arcane Sanctum | 1 | |
| Town Hall | 1 | |
| Castle | 1 | |
| Gryphon Aviary | 2 | |
| Barracks | 1 | |
| Blacksmith | 2 | |
191 total
» build order
00:08 Altar of Kings
00:19 Farm
01:04 Lumber Mill
01:09 Farm
01:13 Scout Tower
01:36 Scout Tower
01:38 Scout Tower
01:40 Scout Tower
01:47 Arcane Tower
02:04 Scout Tower
02:05 Arcane Tower
02:07 Guard Tower
02:08 Scout Tower
02:37 Guard Tower
02:42 Scout Tower
03:05 Scout Tower
03:15 Scout Tower
03:15 Scout Tower
03:16 Scout Tower
03:17 Scout Tower
03:19 Scout Tower
03:20 Scout Tower
03:21 Guard Tower
03:22 Guard Tower
03:22 Guard Tower
03:33 Guard Tower
03:34 Scout Tower
03:34 Scout Tower
03:52 Arcane Vault
03:54 Arcane Vault
03:58 Keep
04:08 Scout Tower
04:09 Scout Tower
04:12 Guard Tower
04:17 Scout Tower
04:18 Scout Tower
04:25 Guard Tower
04:26 Scout Tower
05:06 Scout Tower
05:07 Guard Tower
05:09 Guard Tower
05:09 Arcane Tower
05:20 Farm
05:37 Guard Tower
05:39 Scout Tower
05:39 Scout Tower
05:55 Guard Tower
05:56 Scout Tower
05:57 Scout Tower
06:51 Altar of Kings
06:53 Arcane Sanctum
06:58 Town Hall
07:12 Scout Tower
07:13 Scout Tower
07:15 Scout Tower
07:16 Guard Tower
07:25 Guard Tower
07:32 Scout Tower
08:06 Scout Tower
08:10 Arcane Tower
08:43 Guard Tower
09:19 Scout Tower
09:39 Castle
10:13 Guard Tower
10:15 Scout Tower
11:02 Guard Tower
11:10 Scout Tower
11:11 Scout Tower
11:11 Scout Tower
11:12 Scout Tower
11:12 Scout Tower
11:13 Scout Tower
11:29 Scout Tower
11:31 Scout Tower
11:32 Scout Tower
11:37 Scout Tower
12:13 Guard Tower
12:15 Scout Tower
12:16 Scout Tower
12:16 Scout Tower
13:17 Guard Tower
13:18 Scout Tower
13:33 Guard Tower
13:34 Scout Tower
13:36 Scout Tower
13:48 Guard Tower
13:50 Scout Tower
13:51 Scout Tower
14:32 Scout Tower
14:32 Scout Tower
14:33 Guard Tower
15:13 Guard Tower
15:15 Scout Tower
15:16 Scout Tower
15:39 Guard Tower
15:40 Scout Tower
15:41 Scout Tower
15:43 Arcane Tower
15:47 Guard Tower
15:53 Scout Tower
16:13 Arcane Tower
16:14 Scout Tower
16:15 Scout Tower
16:35 Guard Tower
16:36 Scout Tower
16:37 Scout Tower
16:41 Guard Tower
17:40 Guard Tower
17:54 Guard Tower
17:55 Scout Tower
18:16 Scout Tower
18:17 Scout Tower
18:22 Scout Tower
18:23 Scout Tower
18:24 Scout Tower
18:59 Guard Tower
19:14 Guard Tower
19:21 Guard Tower
19:33 Scout Tower
19:34 Scout Tower
19:52 Guard Tower
19:55 Scout Tower
19:56 Scout Tower
19:56 Scout Tower
20:52 Guard Tower
21:05 Gryphon Aviary
21:06 Barracks
21:07 Blacksmith
22:47 Blacksmith
22:49 Gryphon Aviary
22:50 Farm
22:51 Farm
23:29 Scout Tower
23:37 Scout Tower
23:37 Scout Tower
23:39 Scout Tower
23:39 Scout Tower
23:40 Scout Tower
23:40 Scout Tower
24:06 Guard Tower
24:34 Guard Tower
24:49 Farm
24:50 Farm
26:05 Farm
26:06 Farm
29:20 Scout Tower
29:23 Scout Tower
29:50 Arcane Tower
30:01 Lumber Mill
30:08 Scout Tower
30:09 Scout Tower
30:13 Scout Tower
30:14 Scout Tower
30:20 Scout Tower
30:21 Scout Tower
30:33 Scout Tower
30:34 Scout Tower
30:35 Scout Tower
30:40 Scout Tower
30:41 Scout Tower
30:42 Scout Tower
30:44 Scout Tower
30:50 Scout Tower
30:53 Scout Tower
30:55 Scout Tower
30:57 Scout Tower
30:57 Scout Tower
30:59 Arcane Tower
31:04 Scout Tower
31:05 Scout Tower
31:08 Scout Tower
31:09 Guard Tower
31:56 Arcane Tower
32:01 Arcane Tower
32:03 Guard Tower
32:06 Guard Tower
32:08 Scout Tower
32:19 Scout Tower
32:36 Guard Tower
32:42 Scout Tower
32:53 Guard Tower
33:00 Arcane Tower
33:01 Guard Tower
33:08 Scout Tower
34:11 Arcane Tower
34:21 Scout Tower
34:22 Scout Tower
34:27 Arcane Tower
34:28 Guard Tower
34:50 Guard Tower
35:20 Guard Tower
» items
| Scroll of Regeneration | 2 | |
| Boots of Speed | 2 | |
| Staff of Teleportation | 1 | |
| Healing Salve | 3 | |
| Orb of Lightning | 3 | |
| Lesser Clarity Potion | 5 | |
| Circlet of Nobility | 1 | |
| Staff of Sanctuary | 3 | |
| Scroll of Town Portal | 1 | |
21 total
toupee (
purple | 80 APM | 8369 actions | 104:08)
5 Warden
2 Shadow Strike
3 Blink
4 Pandaren Brewmaster
2 Breath of Fire
2 Drunken Brawler
» actions
| Assign group hotkey | 18 | |
| Basic commands | 17 | |
| Build / train | 98 | |
| ESC pressed | 1 | |
| Enter build submenu | 21 | |
| Enter hero's abilities submenu | 10 | |
| Give item / drop item | 9 | |
| Remove unit from queue | 2 | |
| Right click | 6194 | |
| Select / deselect | 1280 | |
| Select group hotkey | 288 | |
| Use ability | 431 | |
8369 total
» units
| Wisp | 37 | |
| Hippogryph | -1 | |
| Druid of the Talon | 12 | |
48 total
» upgrades
| Nature's Blessing | 1 | |
| Ultravision | 1 | |
| Strength of the Wild | 3 | |
| Reinforced Hides | 4 | |
| Druid of the Talon Training | 2 | |
| Well Spring | 1 | |
| Mark of the Talon | 1 | |
13 total
» buildings
| Altar of Elders | 1 | |
| Moon Well | 12 | |
| Tree of Ages | 1 | |
| Hunter's Hall | 1 | |
| Tree of Life | 2 | |
| Ancient of Wind | 3 | |
| Tree of Eternity | 1 | |
21 total
» build order
00:22 Altar of Elders
00:27 Moon Well
02:01 Moon Well
03:03 Moon Well
03:49 Tree of Ages
04:13 Moon Well
04:39 Hunter's Hall
04:51 Tree of Life
04:57 Tree of Life
05:31 Moon Well
05:32 Moon Well
07:44 Moon Well
08:24 Ancient of Wind
08:25 Ancient of Wind
11:00 Moon Well
11:01 Moon Well
15:22 Tree of Eternity
18:40 Moon Well
18:41 Moon Well
18:42 Moon Well
24:40 Ancient of Wind
» items
| Boots of Speed | 2 | |
| Staff of Teleportation | 2 | |
| Orb of Lightning | 2 | |
| Healing Salve | 2 | |
| Lesser Clarity Potion | 3 | |
| Staff of Sanctuary | 2 | |
| Potion of Mana | 1 | |
| Tiny Great Hall | 1 | |
| Mechanical Critter | 2 | |
17 total
Chat log
(00:55 / All) Happy4thOfJuly: hey all
(00:55 / All) With_smile: аххаах
(00:58 / All) With_smile: не поможет
(01:12 / All) Happy4thOfJuly: )
(01:13 / All) aT_om: тщ рфсл тщ цшт
(01:20 / All) aT_om: no hack no win
(01:40 / All) Happy4thOfJuly: hold on
(01:41 / All) Happy4thOfJuly: i load my hack
(01:42 / All) Happy4thOfJuly: ty
(01:42 / All) huge_pig: twitch.tv/iggyfisk
(01:44 / All) huge_pig: No hacks
(01:45 / All) Sonicvibe: да иди на хуй
(03:34 / All) Happy4thOfJuly: HOLD PLEASE
(03:40 / All) Happy4thOfJuly: moment of silence for x2 ghoul
(19:23 / All) huge_pig: noobs?
(27:27 / All) huge_pig: lucky noobs
(27:32 / All) Sonicvibe: ahahah
(27:33 / All) Sonicvibe: bitch
(27:35 / All) Sonicvibe: go die
(27:37 / All) aT_om: out pros
(27:42 / All) huge_pig: ud imbalance, frost dragons is fair?
(27:46 / All) Sonicvibe: its not tower defence :D
(27:48 / All) Sonicvibe: idiot
(27:54 / All) toupee: yes it is
(27:58 / All) Sonicvibe: да кароче иди на хуй
(28:01 / All) toupee: eng
(28:10 / All) Sonicvibe: idi nahui
(28:17 / All) aT_om: )
(28:32 / All) Sonicvibe: pig :D
(29:20 / All) Sonicvibe: р
(29:27 / All) huge_pig: shut up noob!
(29:28 / All) Sonicvibe: hmm aviary ?
(29:32 / All) Sonicvibe: where units ?
(29:33 / All) aT_om: mad?
(30:16 / All) Sonicvibe: ok kill all wisp :D
(30:24 / All) Happy4thOfJuly: stop running scared frighten bitch
(30:25 / All) toupee: stop losing dryads to tower
(30:46 / All) Happy4thOfJuly: scared + afraid
(31:22 / All) aT_om: out noobs
(31:33 / All) huge_pig: shut up
(31:37 / All) huge_pig: lucky win
(31:51 / All) aT_om: ye ye out
(32:39 / All) Sonicvibe: FROST HUNGER :D
(33:01 / All) Sonicvibe: BB
(33:08 / All) Sonicvibe: fuck
(33:32 / All) huge_pig: why all the ghouls?
(33:38 / All) huge_pig: noob?
(33:43 / All) aT_om: ye
(33:52 / All) aT_om: who u if yopu lost vs noob?
(34:06 / All) huge_pig: only imbalance
(34:17 / All) Happy4thOfJuly: me hope for first win
(35:23 / All) Happy4thOfJuly: can u pause
(35:28 / All) Happy4thOfJuly: i have to read strategy guide
(35:30 / All) Happy4thOfJuly: what do i do next
(35:56 / All) Happy4thOfJuly: what is next step on High-Perch
(36:03 / All) Happy4thOfJuly: step 1: 80 food
(36:06 / All) Happy4thOfJuly: step 2: mine in upkeep
(36:11 / All) Happy4thOfJuly: step 3: lose air to towers
(36:13 / All) Happy4thOfJuly: step 4: ???
(36:24 / All) Happy4thOfJuly: What Is Step 4
(36:33 / All) huge_pig: I didn't see "lose 50 huntresses to towers in dryads" but maybe you have updated version?
(37:35 / All) huge_pig: do you need more ziggurats?
(37:44 / All) Happy4thOfJuly: step 5: gargoyles
(37:55 / All) toupee: stfu scotty and stop helping them
(38:01 / All) Happy4thOfJuly: step 6: more gargoyles
(38:53 / All) huge_pig: in retrospect do you feel like 4 crypts was a good use of gold?
(39:09 / All) huge_pig: The units from the crypts, they're very time sensitive?
(39:47 / All) huge_pig: 3 boneyards, did you get frost wyrms fast enough to attack us?
(40:08 / All) Happy4thOfJuly: u guys bad?
(40:15 / All) toupee: Hey are you russian?
(40:21 / All) huge_pig: I think we're about to win our first game :D
(40:23 / All) aT_om: very
(40:23 / All) Happy4thOfJuly: why u repeat my question fred
(40:50 / All) huge_pig: classic russian, suck everything and lose the game. See: Euro 2016
(40:55 / All) huge_pig: see: world cup 2014
(40:59 / All) huge_pig: see: euro 2012
(42:25 / All) huge_pig: why the two headed dragon??
(42:34 / All) huge_pig: what do you think is your main obstacle?
(42:37 / All) huge_pig: Towers, or air?
(42:44 / All) huge_pig: do you think frost wyrms can't handle towers?
(42:47 / All) aT_om: why you suck?
(43:04 / All) Happy4thOfJuly: step 7: 100 food
(43:08 / All) Happy4thOfJuly: step 8: continue mining in upkeep
(43:16 / All) Happy4thOfJuly: step 9: love too delete gold
(43:16 / All) huge_pig: who you if youpu lost vs suck?
(43:42 / All) Happy4thOfJuly: which step is unsummon both undead bases
(43:47 / All) Happy4thOfJuly: why are you making more gargoyles
(43:50 / All) Happy4thOfJuly: they are shit for this
(43:53 / All) Happy4thOfJuly: please stop
(45:11 / All) huge_pig: did you know: scrolls of protection are consumable and only work if activated
(45:14 / All) huge_pig: they also don't stack
(45:22 / All) huge_pig: so having 3 unused in inventory is double useless
(45:25 / All) huge_pig: maybe triple useless
(45:31 / All) huge_pig: maybe septuple useless?
(46:05 / All) huge_pig: what's your plan with rod of necromancy?
(46:48 / All) huge_pig: aT_om, here?
(46:54 / All) Happy4thOfJuly: ?
(47:05 / All) huge_pig: please give 1 reason why you are not selling rod of necromancy. Or leave this game forever
(47:28 / All) Happy4thOfJuly: Use Destroyer To Eat FAerie Fire
(48:19 / All) Happy4thOfJuly: hold game i piss
(48:20 / Allies) toupee: check other perch?
(48:28 / Allies) toupee: v_____v
(48:39 / Allies) toupee: hoping for treant experiments
(50:30 / All) Happy4thOfJuly: me back
(51:20 / All) toupee: noobs
(51:25 / All) Happy4thOfJuly: gg
(51:40 / All) toupee: bb
(52:11 / All) huge_pig: okay but there's good news in all of this
(52:15 / All) huge_pig: you still have 2 scrolls of protection
(52:22 / All) toupee: its tower defense idiots
(52:30 / All) huge_pig: russians never learn
(52:40 / Allies) toupee: DOUBLE TEEP
(53:15 / All) huge_pig: teep 'em and weep: it's a full house (of russian retards)
(53:28 / Allies) toupee: =-)))))
(53:31 / All) toupee: =-)))))
(53:50 / All) toupee: you made four chim roosts
(53:52 / All) toupee: to make four chims
(53:54 / All) toupee: hahahahahaha
(54:22 / All) huge_pig: also did you notice that chimaera can't attack air?
(54:27 / All) huge_pig: seems like a stupid unit to make
(54:32 / All) huge_pig: that only a stupid person would make
(58:56 / All) Happy4thOfJuly: First Time War Craft?
(61:07 / All) huge_pig: explain again, rod of necromancy
(61:14 / All) huge_pig: I already told you 3 scrolls was stupid
(61:19 / All) huge_pig: I told you chimaera were stupid
(61:24 / All) huge_pig: was I not selling the truth?
(61:25 / All) Happy4thOfJuly: are you guys bad
(61:40 / All) toupee: scotty theyre bad. stop asking
(61:52 / All) aT_om: go end game if can
(61:58 / All) toupee: ok
(61:59 / All) toupee: ready?
(62:02 / All) huge_pig: so even if you're too dumb to see with glasses that rod of necromancy is dumb
(62:08 / All) huge_pig: you can just take my word for it
(62:20 / All) huge_pig: because I was right before and was right when I called you noobs at the start of the game
(62:24 / All) toupee: come visit my house in lancastershire
(62:26 / All) huge_pig: I won this game so easy and you didn't even know it...
(75:25 / All) Happy4thOfJuly: MAXX ROCKMANE
(78:17 / All) With_smile: ахаха рубы
(78:22 / All) toupee: ))))))) fucking noob
(87:49 / All) huge_pig: noobs?
(88:08 / All) toupee: https://highper.ch/
(88:20 / All) huge_pig: aT_om wins "worst player of the game" award
(88:29 / All) huge_pig: still has rod of necromancy
(88:30 / All) aT_om: тз
(88:39 / All) aT_om: np i noob
(99:11 / All) Happy4thOfJuly: C Ya
(99:12 / All) toupee: bb
(99:12 / All) Happy4thOfJuly: bb
(99:34 / All) toupee: )))))))))) <<>> (((((((((((
(100:10 / All) Happy4thOfJuly: Can You Leave PLEASE!
(100:15 / All) With_smile: тщ
(100:21 / All) With_smile: нет
(103:02 / All) With_smile: повезло вам педики